 Dungeon Crawl Stone Soup version 0.28.0-43-g3370ac3207 (webtiles) character file.

Game seed: 16815557720535230843

139 RascalDebosk the Conjurer (level 5, -5/28 HPs)
             Began as a Tengu Conjurer on Mar 20, 2022.
             Slain by Crazy Yiuf
             ... wielding a +4 quarterstaff of chaos
              (6 damage)
             ... on level 3 of the Dungeon on Mar 21, 2022.
             The game lasted 00:38:34 (3088 turns).

RascalDebosk the Conjurer (Tengu Conjurer)          Turns: 3088, Time: 00:38:34

Health: -5/28      AC:  3    Str:  7    XL:     5   Next: 22%
Magic:  4/10       EV: 15    Int: 21    God:
Gold:   148        SH:  0    Dex: 12    Spells: 4/9 levels left

rFire   + . .      SeeInvis .   i - +0 dagger
rCold   + . .      Faith    .   (no shield)
rNeg    . . .      Spirit   .   a - +0 robe
rPois   +          Reflect  .   (helmet restricted)
rElec   .          Harm     .   q - scarf {rC+ rF+}
rCorr   .          Rampage  .   l - +0 pair of gloves
Will    +....                   (boots unavailable)
Stlth   ++........              (no amulet)
HPRegen 0.09/turn               k - ring of willpower
MPRegen 0.12/turn               m - ring of poison resistance

@: flying quickly and evasively, quick
A: beak, talons 3, nimble flight
a: no special abilities


You were on level 3 of the Dungeon.
You visited 1 branch of the dungeon, and saw 3 of its levels.

You collected 148 gold pieces.

Inventory:

Hand Weapons
 i - a +0 dagger (weapon)
Armour
 a - a +0 robe (worn)
 l - a +0 pair of gloves (worn)
 q - a scarf of resistance (worn)
Jewellery
 k - a ring of willpower (left hand)
 m - a ring of poison resistance (right hand)
Wands
 r - a wand of iceblast (11)
Scrolls
 b - 3 scrolls of fog {unknown}
 d - a scroll of silence {unknown}
 e - a scroll of amnesia {unknown}
 g - a scroll of acquirement {unknown}
 n - a scroll of fear {unknown}
 o - 2 scrolls of noise {unknown}
 p - a scroll of identify {unknown}
Potions
 c - a potion of brilliance {unknown}
 f - 2 potions of cancellation {unknown}
 h - a potion of haste {unknown}
 j - a potion of invisibility {unknown}


   Skills:
 - Level 0.2 Short Blades
 + Level 0.0 Staves
 + Level 0.3 Armour
 + Level 3.3 Dodging
 + Level 3.1 Stealth
 + Level 2.9 Spellcasting
 + Level 6.2 Conjurations
 + Level 0.0 Air Magic


You had 4 spell levels left.
You knew the following spells:

 Your Spells              Type           Power      Damage    Failure   Level
a - Magic Dart            Conj           100%       1d8       1%          1
b - Searing Ray           Conj           58%        2d6       1%          2
c - Static Discharge      Conj/Air       16%        N/A       5%          2

Your spell library contained the following spells:

 Spells                   Type           Power      Damage    Failure   Level
 Dazzling Flash           Conj/Hex       32%        N/A       11%         3
 Pain                     Necr           12%        1d4       14%         1
 Fulminant Prism          Conj/Hex       8%         3d7       36%         4
 Iskenderun's Mystic Bla  Conj/Tloc      16%        2d5       36%         4
 Tukima's Dance           Hex            3%         N/A       38%         3
 Passage of Golubria      Tloc           3%         N/A       80%         4
 Lightning Bolt           Conj/Air       8%         1d20      71%         5
 Agony                    Necr           3%         N/A       98%         5
 Excruciating Wounds      Necr           1%         N/A       98%         5
 Yara's Violent Unravell  Hex/Tmut       1%         3d3       98%         5
 Maxwell's Capacitive Co  Air            1%         ∞         100%        8


Dungeon Overview and Level Annotations

Branches:
Dungeon (3/15)

Altars:
Okawaru

Annotations:
D:3 Crazy Yiuf


Innate Abilities, Weirdness & Mutations

You have a beak for a mouth.
You have claws for feet.
Your magical nature lets you fly swiftly and evasively.


Message History

You start memorising the spell.
You continue memorising. x2
You finish memorising.
Spell assigned to 'c'.
You see here 30 arrows.
Crazy Yiuf shouts!
Press: ? - help, v - describe, . - travel
Here: Crazy Yiuf, wielding a +4 quarterstaff of chaos and wearing a +2 cloak of poison resistance (fire blocked by a runed translucent door)
The floor.
Could not travel, unopened runed door.
Press: ? - help, v - describe, . - travel The floor.
You reach down and open the door.
Casting: Magic Dart (safe; 1% risk of failure)
Confirm with . or Enter, or press ? or * to list all spells.
Aiming: Searing Ray (safe; 1% risk of failure)
Press: ? - help, Shift-Dir - straight line, f/p - Crazy Yiuf
Aim: Crazy Yiuf, wielding a +4 quarterstaff of chaos and wearing a +2 cloak of poison resistance (82% to hit)
The searing ray hits Crazy Yiuf.
Crazy Yiuf is moderately wounded. (Press . to maintain the ray.) Crazy Yiuf sings, "Trees, trees, trees, circus!"
The searing ray hits Crazy Yiuf but does no damage.
Crazy Yiuf is moderately wounded.
Crazy Yiuf hits you with a +4 quarterstaff of chaos!
Ouch! That really hurt!
Casting: Searing Ray (safe; 1% risk of failure)
Confirm with . or Enter, or press ? or * to list all spells.
Restarting spell: Searing Ray (safe; 1% risk of failure)
Press: ? - help, Shift-Dir - straight line, f/p - Crazy Yiuf
Aim: Crazy Yiuf, wielding a +4 quarterstaff of chaos and wearing a +2 cloak of poison resistance (moderately wounded, 82% to hit)
The searing ray hits Crazy Yiuf.
Crazy Yiuf is heavily wounded. (Press . to maintain the ray.) Crazy Yiuf grits, "Rifle!
Cholesterol water ena."
Crazy Yiuf hits you with a +4 quarterstaff of chaos!
* * * LOW HITPOINT WARNING * * *
Crazy Yiuf burns you.
* * * LOW HITPOINT WARNING * * *
The searing ray misses Crazy Yiuf.
Crazy Yiuf hits you with a +4 quarterstaff of chaos.
You die...

.#####.#.#.#
#.......## .# #)#...#
#.......##
.#####....##
#.......## .##.....###
########## .##.###.#
#.####... .##.#...#
#........ .##.#.###
### ♣♣##........
.##.#.# #)..#♣♣
♣♣..#........ .##.#.#
#...g@♣♣♣♣............
....#.#
#...#♣..♣......##.#...
..†.#.# ###
♣♣♣.♣...####.#...
....#.### ♣♣♣♣♣##
#.#... ....#..<#
#.#...
....#################
### #.#...
....'...'...........#
#.# #.#)..
....#####...........#
#.###.#... ....#
#...........#
#.....#...


You could see Crazy Yiuf.

Vanquished Creatures
  Ijyb (D:3)
  2 adders (D:2)
  3 gnolls (D:3)
  2 worms (D:3)
  A dart slug (D:1)
  An orc (D:3)
  5 ball pythons
  2 bats
  4 endoplasms
  2 giant cockroaches (D:3)
  12 goblins
  8 hobgoblins
  2 jackals (D:1)
  A quokka (D:3)
  A frilled lizard (D:2)
  6 kobolds
  3 rats
56 creatures vanquished.

Vanquished Creatures (others)
  A plant (D:2)
1 creature vanquished.

Grand Total: 57 creatures vanquished

Notes
Turn   | Place    | Note
-------+----------+-------------------------------------------
     0 | D:1      | RascalDebosk the Tengu Conjurer began the quest for the
                  | Orb.
     0 | D:1      | Reached XP level 1. HP: 10/10 MP: 4/4
   443 | D:1      | Reached XP level 2. HP: 15/15 MP: 1/6
   604 | D:1      | Found a faded altar of an unknown god.
   604 | D:1      | Noticed a neqoxec
   754 | D:1      | Learned a level 2 spell: Searing Ray
  1121 | D:2      | Found an iron altar of Okawaru.
  1137 | D:2      | Reached XP level 3. HP: 10/19 MP: 0/7
  1740 | D:2      | Reached XP level 4. HP: 24/24 MP: 4/8
  2377 | D:3      | Reached skill level 6 in Conjurations
  2900 | D:3      | Found a runed translucent door.
  2901 | D:3      | Noticed Crazy Yiuf
  2940 | D:3      | Noticed Ijyb
  2949 | D:3      | Killed Ijyb
  2950 | D:3      | Gained mutation: Your magical nature lets you fly swiftly
                  | and evasively. [Tengu growth]
  2950 | D:3      | Reached XP level 5. HP: 28/28 MP: 0/10
  3053 | D:3      | Learned a level 2 spell: Static Discharge
  3087 | D:3      | HP: 1/28 [Crazy Yiuf/+4 quarterstaff of chaos (2)]
  3088 | D:3      | Slain by Crazy Yiuf

Illustrated notes

Levels and vault maps discovered:
D:1:      psy_arrival_dodecagon, layout_loops_corners,
          dreamdust_ecumenical_altar_sealed_demon
D:2:      cheibrodos_greedy_goblins, layout_basic, basic_altar, serial_forest,
          infiniplex_forest_lined_ring, infiniplex_forest_lined_room_2,
          infiniplex_forest_straight_4, infiniplex_forest_clump_tiny,
          infiniplex_forest_straight_1, infiniplex_forest_end_3,
          infiniplex_forest_clump_long, minmay_randomly_rotated_circles
D:3:      layout_basic, uniq_ijyb, uniq_crazy_yiuf_cottage

Skill      XL: |  1  2  3  4 |
---------------+-------------+-----
Dodging        | 3 |  3.3
Conjurations   | 6 |  6.2
Stealth        | 3 |  3.1
Short Blades   | |  0.2
Armour         | |  0.3
Spellcasting   | |  2.9

Action                   |  1- 3 |  4- 6 || total
-------------------------+-------+-------++-------
Melee: Unarmed           |     1 |       ||     1
       Dagger            |     4 |     1 ||     5
       Peck              |     2 |       ||     2
       Kick              |     1 |     1 ||     2
 Cast: Magic Dart        |    54 |    25 ||    79
       Searing Ray       |     3 |    10 ||    13
Armor: Robe              |       |     1 ||     1
Dodge: Dodged            |    14 |     2 ||    16
